 Dungeon Crawl Stone Soup version 0.20-a0-1018-ge435b50 (webtiles) character file.

473 wraithjt the Chopper (level 6, 0/61 HPs)
             Began as a Deep Dwarf Fighter on Apr 17, 2017.
             Slain by a gnoll
             ... wielding a +0 spear
              (1 damage)
             ... on level 5 of the Dungeon.
             The game lasted 00:16:55 (3875 turns).

wraithjt the Chopper (Deep Dwarf Fighter)           Turns: 3875, Time: 00:16:56

Health: 0/61       AC: 12    Str: 20 (22) XL:     6   Next: 83%
Magic:  0/0        EV:  3    Int:  8 (11) God:
Gold:   232        SH:  9    Dex:  9 (12) Spells: 5/5 levels left

rFire    . . .     SeeInvis .   D - +1 hand axe (chop)
rCold    . . .     Gourm    .   c - +0 shield
rNeg     . . .     Faith    .   E - +0 plate armour
rPois    .         Spirit   .   (no helmet)
rElec    .         Reflect  .   l - +0 cloak
rCorr    .         Harm     .   (no gloves)
MR       .....                  (no boots)
Stlth    ..........             (no amulet)
Regen    0.0/turn               u - +3 ring of intelligence
MPRegen  0.1/turn               (no ring)

@: non-regenerating
A: damage resistance, heal wounds, sense surroundings 1, no regeneration
a: Heal Wounds


You were on level 5 of the Dungeon.
You were very hungry.

You visited 1 branch of the dungeon, and saw 5 of its levels.

You collected 232 gold pieces.

Inventory:

Hand Weapons
 a - a +0 war axe
 r - a +0 hunting sling
 D - a +1 hand axe of chopping (weapon)
Missiles
 m - 233 stones (quivered)
Armour
 b - a +0 scale mail
 c - a +0 shield (worn)
 l - a +0 cloak (worn)
 E - a +0 plate armour (worn)
Jewellery
 u - a +3 ring of intelligence (left hand)
 y - an uncursed amulet of faith
Wands
 e - a wand of polymorph (7/24)
Scrolls
 i - 4 scrolls of recharging
 n - 2 scrolls of remove curse {unknown}
 o - a scroll of teleportation
 t - 2 scrolls of fear {unknown}
 z - 2 scrolls of amnesia {unknown}
 A - a scroll of enchant weapon {unknown}
 B - a scroll of noise {unknown}
 C - a scroll of fog {unknown}
Potions
 d - a potion of might
 k - 3 potions of brilliance
 s - 2 potions of lignification
 v - a potion of magic
 x - a potion of flight
Comestibles
 f - 4 bread rations
 g - a chunk of flesh
 h - 3 meat rations
 j - a fruit
 p - a royal jelly


   Skills:
 * Level 5.5 Fighting
 - Level 5.7 Axes
 - Level 3.2 Armour
 - Level 3.2 Shields


You had 5 spell levels left.
You didn't know any spells.

Dungeon Overview and Level Annotations

Branches:
Dungeon (5/15)
 Temple: D:4-7

Altars:
Sif Muna


Innate Abilities, Weirdness & Mutations

You are resistant to damage.
You can heal yourself by infusing magical energy.
You passively map a small area around you.
You do not regenerate.


Message History

Found a stone staircase leading down.
e - a wand of polymorph (?/24)
Found a scroll of identify.
Found 10 gold pieces.
q - a scroll of identify
As you read the scroll of identify, it crumbles to dust.
x - a potion of flight You now have 232 gold pieces (gained 10).
Found a scroll of identify.
You are feeling very hungry. 2 gnolls come into view.
The gnoll shouts! x2
The gnoll moves out of view.
A gnoll comes into view. It is wielding a spear.
The gnoll shouts!
You see here a scroll of identify.
The gnoll hits you but does no damage.
Your shield and plate armour prevent you from hitting the gnoll.
The gnoll hits you from afar with a spear.
You die...

* ### *, ..# * ,#.# ,
, # #.# , #.#.# #.#.#
* , #.#.####.#.# ,
#..........#### #.#
#.#.. .. #@# #.#.# #.
#g# #.#.# #.## *# #g#
#.#.####.###.
####g####............
#...?............#.##
#.#..........#####.#
#...###.####.#####.#
##..* #............##
#.. ######.........


You could see 3 gnolls.

Vanquished Creatures
  3 orc priests
  3 orc wizards
  3 worker ants (D:4)
  A hound skeleton (D:5)
  6 gnolls (D:2)
  6 adders
  An adder skeleton (D:4)
  A dart slug (D:2)
  3 leopard geckos (D:2)
  14 orcs
  4 giant cockroaches
  8 goblins
  7 hobgoblins
  7 jackals
  3 quokkas
  A ball python (D:2)
  8 bats
  4 frilled lizards
  A giant cockroach zombie (D:5)
  8 kobolds
  5 rats
97 creatures vanquished.

Notes
Turn   | Place    | Note
-------+----------+-------------------------------------------
     0 | D:1      | wraithjt the Deep Dwarf Fighter began the quest for the Orb.
     0 | D:1      | Reached XP level 1. HP: 20/20 MP: 1/1
   384 | D:1      | Reached XP level 2. HP: 25/27 MP: 2/2
  1126 | D:2      | Reached XP level 3. HP: 21/33 MP: 3/3
  1216 | D:2      | Reached XP level 4. HP: 20/40 MP: 4/4
  1341 | D:2      | Reached skill level 5 in Axes
  1866 | D:3      | Reached XP level 5. HP: 18/46 MP: 3/3
  2160 | D:3      | Found a deep blue altar of Sif Muna.
  2332 | D:3      | HP: 2/50 [poisoned by an orc wizard]
  2334 | D:3      | Reached XP level 6. HP: 25/57 MP: 2/2
  3153 | D:4      | Reached skill level 5 in Fighting
  3621 | D:5      | Entered Level 5 of the Dungeon
  3785 | D:5      | Noticed an ice beast
  3809 | D:5      | HP: 1/61 [ice beast (8)]
  3875 | D:5      | Slain by a gnoll

Vault maps used:
D:1:      mrwooster_arrival_statue_2, minivault_5
D:2:      minmay_hexomino_u4
D:3:      led_sif_book, first_bread
D:4:      kennysheep_diamond

Skill      XL: |  1  2  3  4  5  6 |
---------------+-------------------+-----
Axes           | 3 4 5 |  5.7
Fighting       | 4 5 |  5.5
Armour         | |  3.2
Shields        | |  3.2

Action                   |  1- 3 |  4- 6 || total
-------------------------+-------+-------++-------
Melee: War axe           |    83 |   214 ||   297
       Hand axe          |       |    49 ||    49
Throw: Stone             |       |     1 ||     1
 Abil: Heal Wounds       |       |    15 ||    15
  Use: Scroll            |       |     6 ||     6
       Potion            |       |     4 ||     4
  Eat: Chunk             |     1 |     8 ||     9
Armor: Scale mail        |    38 |    78 ||   116
       Plate armour      |       |    34 ||    34
Dodge: Dodged            |    28 |    64 ||    92
Block: Shield            |    52 |   114 ||   166
